 Dungeon Crawl Stone Soup version 0.23.2-40-g277498a001 (webtiles) character file.

Game seed: 7607494185951727372

275 Kikorro the Chopper (level 6, -1/84 HPs)
             Began as a Hill Orc Berserker on Sept 1, 2019.
             Was a Believer of Trog.
             Slain by an ogre
             ... wielding a +0 giant club
              (8 damage)
             ... on level 3 of the Dungeon.
             The game lasted 00:10:39 (3108 turns).

Kikorro the Chopper (Hill Orc Berserker)            Turns: 3108, Time: 00:10:39

Health: -1/84      AC: 10    Str: 27    XL:     6   Next: 24%
Magic:  15/15      EV: 11    Int:  7    God:    Trog [**....]
Gold:   138        SH:  0    Dex: 10    Spells: 5/5 levels left

rFire    . . .     SeeInvis .   a - +0 hand axe
rCold    + . .     Gourm    .   (no shield)
rNeg     . . .     Faith    .   k - +2 ring mail {rC+}
rPois    .         Spirit   .   t - +1 helmet
rElec    .         Reflect  .   (no cloak)
rCorr    .         Harm     .   q - +0 pair of gloves (curse)
MR       .....                  (no boots)
Stlth    ..........             (no amulet)
HPRegen  0.24/turn              i - ring of magical power
MPRegen  0.14/turn              (no ring)

@: berserking, very quick
A: no striking features
a: Berserk, Trog's Hand, Renounce Religion


You were on level 3 of the Dungeon.
You worshipped Trog.
Trog was pleased with you.
You were very hungry.

You visited 1 branch of the dungeon, and saw 3 of its levels.

You collected 138 gold pieces.

Inventory:

Hand Weapons
 a - a +0 hand axe (weapon)
Armour
 k - a +2 ring mail of cold resistance (worn)
 q - a cursed +0 pair of gloves (worn)
 t - a +1 helmet (worn)
Jewellery
 i - a ring of magical power (left hand)
Wands
 s - a wand of iceblast (9)
Scrolls
 e - 5 scrolls of remove curse
 g - 2 scrolls of teleportation
 h - a scroll of enchant armour
 n - a scroll of identify {unknown}
 o - 2 scrolls of enchant weapon {unknown}
 p - a scroll of amnesia {unknown}
 v - 3 scrolls of immolation {unknown}
Potions
 b - 2 potions of brilliance {unknown}
 d - 2 potions of might {unknown}
 f - a potion of mutation {unknown}
 j - a potion of curing {unknown}
 l - a potion of ambrosia {unknown}
 m - a potion of heal wounds {unknown}
 r - a potion of invisibility {unknown}
Comestibles
 c - 6 rations
 u - 2 chunks of flesh


   Skills:
 + Level 5.4 Fighting
 + Level 6.5 Axes
 + Level 2.7 Armour
 + Level 2.5 Dodging
 - Level 0.8 Stealth


You had 5 spell levels left.
You didn't know any spells.
Your spell library was empty.

Dungeon Overview and Level Annotations

Branches:
Dungeon (3/15)

Altars:
Fedhas
Okawaru
Vehumet


Message History

The ogre is lightly wounded.
The ogre closely misses you.
You barely miss the ogre.
The ogre is lightly wounded.
The ogre hits you with a +0 giant club!!
You hit the ogre but do no damage.
The ogre is lightly wounded.
The ogre hits you with a +0 giant club!
You hit the ogre but do no damage.
The ogre is lightly wounded.
You are feeling hungry.
A red film seems to cover your vision as you go berserk!
You feel yourself moving faster!
You feel mighty!
You are feeling very hungry.
The ogre hits you with a +0 giant club!!
* * * LOW HITPOINT WARNING * * *
You completely miss the ogre.
The ogre is lightly wounded.
The ogre hits you with a +0 giant club!
You die...

###..## #..#
..#(..###
#..#
#.......#
#..#
###.###.##
..#
.........#
####.####
...#.##..#
#.[.....#
..##...#.#
#.......#
..####...###
#..O....# ..#
##....#####@#
.(#
#..#.......#
###
#<.######..#
##.# #..# ###
####


You could see an ogre.

Vanquished Creatures
  An ogre (D:3)
  2 orc priests (D:3)
  5 adders (D:2)
  3 dart slugs
  4 leopard geckos
  9 orcs
  3 giant cockroaches
  3 goblins
  12 hobgoblins
  7 jackals
  6 kobolds
  A quokka (D:2)
  3 bats
  5 frilled lizards
  8 rats
72 creatures vanquished.

Notes
Turn   | Place    | Note
-------+----------+-------------------------------------------
     0 | D:1      | Kikorro the Hill Orc Berserker began the quest for the Orb.
     0 | D:1      | Reached XP level 1. HP: 19/19 MP: 1/1
   275 | D:1      | Reached XP level 2. HP: 26/27 MP: 2/2
   325 | D:1      | Found an iron altar of Okawaru.
   724 | D:2      | Reached XP level 3. HP: 27/33 MP: 3/3
  1189 | D:2      | Reached skill level 5 in Axes
  1217 | D:2      | Reached ** piety under Trog
  1247 | D:2      | Reached XP level 4. HP: 27/41 MP: 4/4
  1750 | D:2      | Found a blossoming altar of Fedhas.
  1750 | D:2      | Found a radiant altar of Vehumet.
  2007 | D:2      | Reached skill level 5 in Fighting
  2211 | D:3      | Reached XP level 5. HP: 30/48 MP: 5/5
  2613 | D:3      | Noticed an ogre
  2623 | D:3      | Killed an ogre
  2623 | D:3      | Reached skill level 6 in Axes
  2623 | D:3      | Reached XP level 6. HP: 20/56 MP: 6/6
  3108 | D:3      | Slain by an ogre

Skill      XL: |  1  2  3  4  5 |
---------------+----------------+-----
Fighting       | 4 5 |  5.4
Axes           | 5 6 |  6.5
Dodging        | 2 |  2.5
Armour         | |  2.7
Stealth        | |  0.8

Action                   |  1- 3 |  4- 6 || total
-------------------------+-------+-------++-------
Melee: Hand axe          |    86 |   143 ||   229
Invok: Berserk           |       |     2 ||     2
       Trog's Hand       |       |     1 ||     1
  Use: Scroll            |     1 |     3 ||     4
  Eat: Chunk             |     1 |     7 ||     8
Armor: Animal skin       |    11 |     9 ||    20
       Ring mail         |       |    40 ||    40
Dodge: Dodged            |    54 |    87 ||   141
